[Event "Early-Titled-Tuesday-Blitz-September-12-2023"]
[Site "Chess.com"]
[Date "2023.09.12"]
[Round "10"]
[White "aghasiyevkamal"]
[Black "Shuvalov"]
[Result "1-0"]
[WhiteElo "2553"]
[BlackElo "2419"]
[TimeControl "180+1"]
[EndTime "9:56:29 PDT"]
[Termination "aghasiyevkamal won on time"]

1. e4 e6 2. d4 d5 3. Nc3 Bb4 4. exd5 exd5 5. Nf3 Nf6 6. Bd3 O-O 7. h3 Re8+ 8. Be3 c6 9. O-O b6 10. Ne2 Ba6 11.
Bxa6 Nxa6 12. Qd3 Nc7 13. Ng3 Ne6 14. Ne5 Rc8 15. f4 Bf8 16. f5 Nc5 17. Qd1 Nce4 18. Nxe4 Nxe4 19. Qh5 f6 20. Nd3 Ng3 21. Qf3 Nxf1 22.
Rxf1 Bd6 23. Bf4 Re4 24. c3 Rc7 25. Qg3 Bxf4 26. Nxf4 Qd6 27. Qf3 Rce7 28. Ne6 Kf7 29. Qh5+ Kg8 30. Qf3 g6 31. Nf4 Rxf4 32. Qxf4 Qxf4 33.
Rxf4 Kf7 34. fxg6+ hxg6 35. Kf2 f5 36. g4 Kf6 37.
gxf5 gxf5 38. Rh4 Kg5 39. Rh8 f4 40. Rg8+ Kf5 41. h4 Ke4 42. h5 Re6 43. Rg6 Re7 44. h6 Rh7 45. Rxc6 1-0

[Event "Early-Titled-Tuesday-Blitz-September-12-2023"]
[Site "Chess.com"]
[Date "2023.09.12"]
[Round "10"]
[White "HansOnTwitch"]
[Black "MITerryble"]
[Result "1-0"]
[WhiteElo "3054"]
[BlackElo "2943"]
[TimeControl "180+1"]
[EndTime "9:56:30 PDT"]
[Termination "HansOnTwitch won on time"]

1. e4 e6 2. d4 d5 3. Nc3 Nf6 4. e5 Nfd7 5. f4 c5 6. Nf3 Nc6 7. Be3 Be7 8. Qd2 O-O 9. Bd3 f6 10. exf6 Bxf6 11. Be2 cxd4 12. Nxd4 Bxd4 13. Bxd4 e5 14.
Bxe5 Ndxe5 15. fxe5 Be6 16. O-O-O d4 17. Nb5 Qd5 18.
b3 Qxe5 19. Rhe1 d3 20. Qxd3 Qa1+ 21. Kd2 Qxa2 22. Ra1 Qb2 23. Qc3 Rad8+ 24. Bd3 Rf2+ 25. Re2 Rxe2+ 26. Kxe2 Nd4+ 27. Ke3 Qxc3 28. Nxc3 a6 29. Ra4 Nf5+ 30. Kd2 Nd4 31. Ne4 Nc6 32. Nc5 Bc8 33. Kc3 g5 34. h4 h6 35. hxg5 hxg5 36. Ne4 b5 37. Ra1 g4 38. Rf1 Kg7 39. Rf4 Ne7 40.
Kb2 Nd5 41. Rf2 Ne3 42. Re2 Nd5 43. g3 Re8 44. Rf2 Rf8 45. Rh2 Ne3 46. Nd6 Be6 47. Rh7+ Kf6 48. Ne4+ Ke5 49. Nc5 Bd5 50. Nd7+ Kd6 51.
Nxf8 1-0

[Event "Early-Titled-Tuesday-Blitz-September-12-2023"]
[Site "Chess.com"]
[Date "2023.09.12"]
[Round "10"]
[White "Let_it_be_1"]
[Black "TimofeevAr"]
[Result "0-1"]
[WhiteElo "2657"]
[BlackElo "2830"]
[TimeControl "180+1"]
[EndTime "9:56:32 PDT"]
[Termination "TimofeevAr won on time"]

1. e4 e6 2. d4 d5 3. Nd2 dxe4 4. Nxe4 Nd7 5. Nf3 Ngf6 6. Bd3 Nxe4 7. Bxe4 Nf6 8. Bg5 Be7 9. Bxf6 gxf6 10. Qe2 c6 11. O-O-O Qa5 12. Kb1 Bd7 13. c4 O-O-O 14. d5 cxd5 15.
cxd5 f5 16. Bxf5 Bf6 17. Be4 Kb8 18. d6 Qb6 19. Rd3 Bb5 20. Rhd1 Rd7 21. Qc2 Rc8 22.
Qb3 Bxd3+ 23. Rxd3 Qxb3 24. axb3 Rcd8 25. Bxh7 Rxd6 26.
Re3 Rd1+ 27. Ka2 R8d5 28. b4 R1d4 29. Nxd4 Bxd4 30. Rd3 Bxf2 31. Rxd5 exd5 32. Kb3 f6 33. Kc3 Kc7 34. Kd3 b5 35. Bg8 Kd6 36. b3 Be1 37.
Bf7 Bxb4 38. h4 f5 39. h5 Ba3 40. h6 Bb2 41. h7 a5 42. Be8 b4 43. Bg6 f4 44.
Ke2 Bg7 45. Kf3 Ke5 46. Bc2 Bh8 47. Kg4 Kd4 48. Kxf4 Kc3 49. Bd1 d4 50. g4 d3 51.
Ke3 Bf6 52. Ke4 Kd2 53. Bf3 Kc2 0-1

[Event "Early-Titled-Tuesday-Blitz-September-12-2023"]
[Site "Chess.com"]
[Date "2023.09.12"]
[Round "10"]
[White "MaxLeto"]
[Black "noblerone"]
[Result "1-0"]
[WhiteElo "2419"]
[BlackElo "2519"]
[TimeControl "180+1"]
[EndTime "9:56:33 PDT"]
[Termination "MaxLeto won by checkmate"]

1. g4 d5 2. Bg2 c5 3. h3 Nc6 4. c3 g6 5. d4 cxd4 6. cxd4 Bg7 7. Nf3 Nf6 8. Nc3 h6 9. O-O e6 10. Bf4 a6 11. Ne5 Bd7 12. Rc1 O-O 13. Qd2 Kh7 14. Bg3 Qb6 15. e3 Rac8 16. Na4 Qb4 17. Qxb4 Nxb4 18. Nb6 Rxc1 19. Rxc1 Bb5 20. a3 Nd3 21. Nxd3 Bxd3 22. Rc7 Kg8 23. Rxb7 Ne4 24. Bc7 Nd2 25. b4 Nc4 26. a4 Nxb6 27. Bxb6 Rc8 28. Bc5 Ra8 29. Bf1 Bc4 30. Bxc4 dxc4 31. Kf1 e5 32. d5 e4 33. Ke2 Rd8 34. d6 Be5 35. Rb6 c3 36. Kd1 a5 37. bxa5 Rc8 38. Rb5 c2+ 39. Kc1 f6 40. a6 Kf7 41. Rb7+ Ke6 42.
d7 Rd8 43. Kxc2 Bb8 44. a7 Bxa7 45. Rxa7 Kd5 46. Bd4 Ke6 47. a5 f5 48. gxf5+ gxf5 49. a6 h5 50. Rb7 Ra8 51. a7 f4 52. Rb8 fxe3 53. fxe3 h4 54. Rxa8 Kf5 55. Rh8 Kg6 56.
d8=Q Kf7 57. Qf6# 1-0

[Event "Early-Titled-Tuesday-Blitz-September-12-2023"]
[Site "Chess.com"]
[Date "2023.09.12"]
[Round "10"]
[White "ChEsper99"]
[Black "Happy1712Drummer"]
[Result "1-0"]
[WhiteElo "2231"]
[BlackElo "2339"]
[TimeControl "180+1"]
[EndTime "9:56:34 PDT"]
[Termination "ChEsper99 won by resignation"]

1. e4 c5 2. Nf3 d6 3. Bb5+ Bd7 4. Bxd7+ Qxd7 5. c4 Nf6 6. Nc3 g6 7. d4 cxd4 8. Nxd4 Bg7 9. h3 O-O 10. Be3 Nc6 11. O-O a6 12. a4 Rac8 13. b3 b6 14. Rc1 Rfd8 15. Qd3 e6 16. Rfd1 Qc7 17. Kh1 Qb7 18.
Qe2 Nd7 19. f4 Nc5 20. Nxc6 Qxc6 21. Bxc5 dxc5 22. e5 Bh6 23. Qe3 Rd4 24. Rxd4 cxd4 25. Qxd4 Qc5 26. Qxc5 Rxc5 27. g3 Rc7 28. Rd1 Bf8 29.
Ne4 Kg7 30. Kg2 Bc5 31. Kf3 a5 32. Nxc5 Rxc5 33. Rd6 Rc7 34. Rxb6 Rd7 35. Ke3 Rd1 36. Rb5 Rg1 37. Kf2 Rb1 38. c5 Rb2+ 39. Ke3 Kf8 40. c6 Ke7 41. Rb7+ Ke8 42. c7 Kd7 43. Kd4 Rc2 44. Kd3 Rxc7 45. Rxc7+ Kxc7 46. Kc4 Kb6 47. b4 axb4 48. Kxb4 Ka6 49. a5 h5 50. h4 Ka7 51.
Kb5 1-0

[Event "Early-Titled-Tuesday-Blitz-September-12-2023"]
[Site "Chess.com"]
[Date "2023.09.12"]
[Round "10"]
[White "OK97"]
[Black "shimastream"]
[Result "1-0"]
[WhiteElo "2845"]
[BlackElo "2941"]
[TimeControl "180+1"]
[EndTime "9:56:37 PDT"]
[Termination "OK97 won on time"]

1. d4 Nf6 2. Nf3 d6 3. g3 g6 4. Bg2 Bg7 5. O-O O-O 6. Re1 Nc6 7. d5 Nb8 8. e4 e5 9. dxe6 Bxe6 10.
Nc3 Nc6 11. Nd5 Bxd5 12. exd5 Ne7 13. c4 a5 14. Nd4 Re8 15. Be3 Qd7 16. h3 Nf5 17.
Nxf5 Qxf5 18. Qb3 b6 19. Bd4 Nd7 20. Bxg7 Kxg7 21. Re3 Rxe3 22. Qxe3 Qe5 23. Qd2 Re8 24. Bf3 Nc5 25. Kg2 h5 26. h4 Ne4 27. Qc2 Nf6 28. Rd1 Ng8 29. a3 Nh6 30. b4 axb4 31. axb4 Nf5 32. Qd3 Qb2 33. Rb1 Qf6 34. Be4 Nh6 35. Bf3 Ra8 36. c5 bxc5 37. bxc5 Ra2 38. Qc4 Ra3 39. Qe4 dxc5 40. Rb7 Ra2 41. Qc4 Rd2 42.
Qxc5 Nf5 43. Rb8 Qd4 44. Qf8+ Kf6 45. Qh8+ Ng7 46. Qd8+ Kf5 47. Qd7+ Kf6 48. Qd8+ Ke5 49. Qxc7+ Kf5 50. Qd7+ Kf6 51. Qd8+ 1-0

[Event "Early-Titled-Tuesday-Blitz-September-12-2023"]
[Site "Chess.com"]
[Date "2023.09.12"]
[Round "10"]
[White "benny_aizenberg"]
[Black "hongnhung1234"]
[Result "0-1"]
[WhiteElo "2616"]
[BlackElo "2530"]
[TimeControl "180+1"]
[EndTime "9:56:39 PDT"]
[Termination "hongnhung1234 won by checkmate"]

1. g4 d5 2. g5 h6 3. g6 fxg6 4. d4 Nc6 5. Bh3 Bf5 6. c4 e6 7. Nc3 Nf6 8. Bf4 a6 9. e3 Bd6 10. Bxd6 Qxd6 11. cxd5 exd5 12. Qf3 Bxh3 13. Nxh3 g5 14.
Qf5 Ne7 15. Qc2 Qe6 16. Ng1 O-O 17. h4 Ng4 18. Nd1 gxh4 19. Rxh4 Ng6 20. Rh5 Nf4 21. Re5 Nxe5 22. dxe5 Qxe5 23. Nf3 Ng2+ 24. Ke2 Qh5 25. Qxc7 Qxf3+ 26. Kd2 Rac8 27. Qxb7 Nh4 28. Qxa6 d4 29. exd4 Rfd8 30. Qe6+ Kh8 31. Qe3 Qxe3+ 32. fxe3 g5 33.
Nf2 Kg7 34. a4 Rf8 35. Ng4 h5 36. Ne5 Nf3+ 37. Nxf3 Rxf3 38. a5 Rf2+ 39. Kd3 Rxb2 40. a6 Ra8 41. Ra5 Kg6 42. e4 Rb6 43. e5 Raxa6 44. Rc5 Rc6 45. Rb5 Rcb6 46. Rc5 h4 47.
Ke4 h3 48. Rc3 g4 49. Kf4 Kh5 50. Rc8 h2 51. Rc1 Kh4 52. d5 g3 53. e6 g2 54. e7 Ra8 55. Rc2 h1=Q 56. Re2 Qf1+ 57. Ke3 Rb3+ 58. Kd2 Ra2# 0-1

[Event "Early-Titled-Tuesday-Blitz-September-12-2023"]
[Site "Chess.com"]
[Date "2023.09.12"]
[Round "10"]
[White "marik_spb"]
[Black "arminmusovic"]
[Result "1-0"]
[WhiteElo "2462"]
[BlackElo "2548"]
[TimeControl "180+1"]
[EndTime "9:56:39 PDT"]
[Termination "marik_spb won by resignation"]

1. d4 d5 2. c4 c5 3. Nf3 Nf6 4. g3 cxd4 5. Bg2 dxc4 6. Qxd4 Qxd4 7. Nxd4 a6 8. Nd2 e5 9. N4f3 e4 10. Ne5 e3 11. fxe3 Nbd7 12. Ndxc4 Nxe5 13. Nxe5 Bd6 14. Nc4 Bc7 15. b3 O-O 16. O-O Re8 17. Bb2 Ng4 18. Bd5 Be6 19. Bxb7 Rab8 20. Bxa6 h5 21. Bd4 h4 22. h3 Bxc4 23. Bxc4 Nxe3 24. Bxf7+ Kh7 25. Bxe8 Nxf1 26. Rxf1 Rxe8 27. Rf7 Bxg3 28. Rxg7+ Kh6 29. e3 Rf8 30. a4 Rf2 31. a5 Ra2 32. b4 Bf2+ 33.
Kf1 Bxe3 34. Rd7 Bf4 35. Rf7 Bg3 36. Ra7 Kg5 37. a6 Kf5 38. b5 Ke4 39. Bc5 Kf3 40.
Rf7+ Bf4 41. Rxf4+ Kxf4 42. a7 Kf3 43. Ke1 Ke4 44.
b6 Ra1+ 45. Kd2 Kd5 46. b7 Ra2+ 47. Kc3 Kxc5 48. b8=Q Rh2 49. Qc7+ Kd5 50. Qxh2 Kc6 51. Qg1 Kb7 52. Qg4 Ka8 53. Qxh4 Kb7 54. Qg4 Ka8 55. h4 Kb7 56. Qe6 Ka8 57. Qc6+ Kxa7 58. Qb5 Ka8 59. Kc4 Ka7 60. Kc5 Ka8 61. Kc6 1-0

[Event "Early-Titled-Tuesday-Blitz-September-12-2023"]
[Site "Chess.com"]
[Date "2023.09.12"]
[Round "10"]
[White "Vuk2000"]
[Black "Vesper2018"]
[Result "1-0"]
[WhiteElo "2765"]
[BlackElo "2610"]
[TimeControl "180+1"]
[EndTime "9:56:40 PDT"]
[Termination "Vuk2000 won by resignation"]

1. d4 Nf6 2. Bg5 d5 3. Bxf6 exf6 4. e3 Bd6 5. c4 c6 6. Nc3 dxc4 7. Bxc4 O-O 8. Nf3 Re8 9. O-O Nd7 10. Rb1 a5 11. d5 Nb6 12. Bb3 Bd7 13. dxc6 Bxc6 14.
Nd4 Be5 15. Nxc6 bxc6 16. Qc2 Qe7 17. Ne2 Rac8 18. Rfd1 g6 19. g3 f5 20. Rd3 c5 21.
Bc4 Nxc4 22. Qxc4 Rb8 23. Rd5 Rec8 24. b3 Rc7 25. Rc1 Rb4 26. Qa6 a4 27. bxa4 Kg7 28. Qa5 Bd6 29. Qa6 Be5 30. a3 Rb2 31. Nf4 c4 32.
Rxc4 Bf6 33. Rxc7 Qxc7 34. Qd3 Qc1+ 35. Qd1 Qc3 36. Rd3 Qc5 37. Kg2 Ra2 38. Nd5 Be5 39. h3 g5 40. h4 gxh4 41. gxh4 f4 42. Qg4+ Kf8 43. Nxf4 Bxf4 44. Qxf4 Qc6+ 45. Kh2 Qe6 46. Rd8+ Ke7 47. Qc7+ Kf6 48. Rd6 Rxf2+ 49. Kg3 Re2 50. Rxe6+ fxe6 51. Qf4+ Ke7 52. Qb4+ Kf6 53. Qf4+ Ke7 54.
Kf3 Re1 55. Qb4+ Kf6 56. Qxe1 1-0

[Event "Early-Titled-Tuesday-Blitz-September-12-2023"]
[Site "Chess.com"]
[Date "2023.09.12"]
[Round "10"]
[White "jk13"]
[Black "Sjakkerntobi"]
[Result "1-0"]
[WhiteElo "2685"]
[BlackElo "2529"]
[TimeControl "180+1"]
[EndTime "9:56:40 PDT"]
[Termination "jk13 won by checkmate"]

1. e4 e6 2. d3 d5 3. Qe2 Nf6 4. Nf3 Be7 5. g3 c5 6. Bg2 Nc6 7. O-O O-O 8. e5 Nd7 9. c4 b5 10. Bf4 Nb6 11. b3 bxc4 12. dxc4 Ba6 13. Na3 Rc8 14.
Rfd1 Qe8 15. Rac1 dxc4 16. bxc4 Nd4 17. Qe3 Qa4 18. Nd2 Rfd8 19. h4 Ne2+ 20. Qxe2 Qxa3 21. Be4 Na4 22. Nb1 Qb2 23. Rc2 Rxd1+ 24. Qxd1 Qd4 25.
Qe2 Qa1 26. Rc1 Qb2 27. Qd1 Nb6 28. Rc2 Qb4 29. Nd2 Rd8 30. Qc1 Qa4 31. Kg2 Qb4 32.
Rc3 Na4 33. Rb3 Qa5 34. Qa3 Rc8 35. Bf3 Bd8 36. Be3 Rc7 37. Bg5 Bxg5 38. hxg5 Rc8 39. Ne4 Bxc4 40. Rb7 Bd5 41. Nd6 Rf8 42. Bxd5 exd5 43.
Rb5 Qc3 44. Qxa4 Qxe5 45. Nb7 Qxg5 46. Qxa7 c4 47. Qd4 Qe7 48. Qxd5 h6 49. Rc5 Re8 50. Rxc4 Rb8 51. Nd6 Rd8 52. Rc8 Rxc8 53. Nxc8 Qf6 54.
Nd6 Kh7 55. a4 Qa1 56. a5 Qa4 57. Nf5 g6 58. Qxf7+ Kh8 59. Qg7# 1-0

[Event "Early-Titled-Tuesday-Blitz-September-12-2023"]
[Site "Chess.com"]
[Date "2023.09.12"]
[Round "10"]
[White "Sina_Movahed"]
[Black "Beca95"]
[Result "1-0"]
[WhiteElo "3054"]
[BlackElo "2961"]
[TimeControl "180+1"]
[EndTime "9:56:44 PDT"]
[Termination "Sina_Movahed won on time"]

1. e4 e5 2. Nf3 Nf6 3. Nxe5 d6 4. Nf3 Nxe4 5. d4 d5 6. Bd3 Be7 7. O-O Nc6 8. c4 Nf6 9. Nc3 O-O 10. h3 Be6 11. c5 a5 12. Bb5 Ne4 13. Re1 Na7 14.
Bd3 f5 15. Ne5 Bf6 16. Bf4 Nc6 17. Nxc6 bxc6 18. Ne2 Rb8 19. b3 Bh4 20. g3 Bf6 21. f3 Ng5 22. Kg2 Bd7 23. Rc1 Ne6 24. Be5 Bxe5 25. dxe5 f4 26. g4 Qh4 27. Rh1 Qg5 28. Qc2 Qh4 29. Qc3 Ra8 30. Bb1 g6 31. Qe1 Qg5 32.
Qc3 Qh4 33. Qe1 Qe7 34. h4 Nxc5 35.
h5 g5 36. Nd4 Ne6 37. Nf5 Qb4 38. Qf2 Kh8 39. Rc2 a4 40. bxa4 Rxa4 41. Rb2 Qc5 42. Re1 Qxf2+ 43. Kxf2 c5 44. Ne7 d4 45. Nd5 c4 46. Nf6 Bc6 47. Nxh7 c3 48. Nxf8 Nxf8 49.
Rb8 Ra8 50. Rxa8 Bxa8 51. Be4 Bxe4 52. Rxe4 Ne6 53. Ke1 c5 54. a4 c4 55. a5 d3 56.
Rxc4 c2 57. Kd2 1-0

[Event "Early-Titled-Tuesday-Blitz-September-12-2023"]
[Site "Chess.com"]
[Date "2023.09.12"]
[Round "10"]
[White "DanyKopy"]
[Black "RandomNoob04"]
[Result "1-0"]
[WhiteElo "2543"]
[BlackElo "2628"]
[TimeControl "180+1"]
[EndTime "9:56:47 PDT"]
[Termination "DanyKopy won by resignation"]

1. d4 Nf6 2. Nf3 c5 3. d5 b5 4. Bg5 Qb6 5. e3 Bb7 6. Bxf6 Qxf6 7. c3 a6 8. e4 d6 9. a4 b4 10. Bd3 g6 11. O-O Bg7 12. a5 O-O 13. Re1 Nd7 14. Qa4 Rfd8 15. Rc1 Rac8 16. Nbd2 bxc3 17. bxc3 Rc7 18.
Rab1 Bh6 19. Rc2 Bc8 20. Nc4 Bf4 21. Nb6 Ne5 22. Nxe5 Bxe5 23. Nxc8 Rcxc8 24. Bxa6 Rb8 25. Rxb8 Rxb8 26. Bb5 Qf4 27. g3 Qf3 28. a6 Rxb5 29.
Qxb5 Qd1+ 30. Kg2 Qxc2 31. a7 Qxe4+ 32. Kg1 Qxd5 33. Qb8+ Kg7 34. a8=Q Qxa8 35. Qxa8 Bxc3 36. Kg2 Bf6 37. f4 c4 38. Qc6 c3 39. g4 g5 40.
fxg5 Be5 41. h4 e6 42. Kf3 d5 43. h5 d4 44. Ke4 f6 45. Qd7+ Kf8 46. gxf6 Bxf6 47. Qxe6 Bh8 48. Qc8+ Kg7 49. Kxd4 c2 50. Qxc2 Kh6+ 51. Ke4 Bf6 52. Kf5 Kg7 53. Qc7+ Kh6 54. g5+ Bxg5 55. Qc6+ Kg7 56. Kxg5 h6+ 57. Qxh6+ 1-0

[Event "Early-Titled-Tuesday-Blitz-September-12-2023"]
[Site "Chess.com"]
[Date "2023.09.12"]
[Round "10"]
[White "BillieKimbah"]
[Black "lachesisQ"]
[Result "0-1"]
[WhiteElo "3022"]
[BlackElo "3088"]
[TimeControl "180+1"]
[EndTime "9:56:50 PDT"]
[Termination "lachesisQ won on time"]

1. d4 Nf6 2. Nf3 g6 3. g3 Bg7 4. Bg2 O-O 5. O-O d6 6. Nc3 c6 7. e4 Qc7 8. a4 e5 9. h3 Nbd7 10. a5 Rb8 11. Re1 b5 12. axb6 axb6 13. b4 b5 14. Be3 Re8 15. dxe5 dxe5 16. Nd2 Bf8 17. Qb1 Nb6 18. Nd1 Be6 19. c3 Red8 20. Nb2 c5 21. Nd3 cxb4 22. cxb4 Na4 23. Rc1 Nc3 24. Bf1 Nxb1 25.
Rxc7 Nxd2 26. Bxd2 Nxe4 27. Be3 f6 28. Nc5 Nxc5 29. Bxc5 Rd7 30. Raa7 Bxc5 31. bxc5 Rxc7 32. Rxc7 b4 33. c6 Rb6 34. Rb7 Rxc6 35. Rxb4 Rc1 36. g4 Bd5 37. f4 e4 38. Kf2 Rc3 39. Ba6 e3+ 40. Ke2 Bg2 41. g5 fxg5 42. fxg5 Bxh3 43. Bd3 Bf1+ 44. Kxf1 Rxd3 45. Rb8+ Kf7 46. Rb7+ Ke6 47. Ke2 Rd5 48. Rxh7 Re5 49. Rh8 Kf5 50. Rh1 Kxg5 51. Rg1+ Kf5 52. Rf1+ Kg5 53. Rg1+ Kh6 54. Rh1+ Kg7 55.
Rg1 g5 56. Rb1 Kg6 57. Rg1 Re4 58. Rh1 g4 59. Rh8 Kg5 60. Rh1 Kf4 61. Rf1+ Kg3 62. Rf8 Kg2 0-1

[Event "Early-Titled-Tuesday-Blitz-September-12-2023"]
[Site "Chess.com"]
[Date "2023.09.12"]
[Round "10"]
[White "MatthewG-p4p"]
[Black "seramoral"]
[Result "1-0"]
[WhiteElo "2887"]
[BlackElo "2628"]
[TimeControl "180+1"]
[EndTime "9:56:50 PDT"]
[Termination "MatthewG-p4p won by checkmate"]

1. f4 g6 2. Nf3 Bg7 3. g3 d5 4. Bg2 c5 5. O-O Nc6 6. d3 Nf6 7. Nc3 O-O 8. e4 d4 9. Na4 b6 10. a3 Re8 11. c4 e5 12. f5 gxf5 13. Nh4 fxe4 14. Bg5 Bg4 15. Qe1 Re6 16. Bxe4 h6 17. Bxf6 Rxf6 18. b4 Rc8 19. bxc5 bxc5 20. Nxc5 Ne7 21.
Nb3 Rb8 22. Nd2 Ng6 23. Nf5 Bxf5 24. Bxf5 Ne7 25. g4 Qc7 26. Ne4 Rfb6 27. Qg3 Qc6 28. Rae1 Rb3 29. g5 Nxf5 30. Rxf5 Rb1 31. Nf6+ Kh8 32.
Rxe5 Bxf6 33. gxf6 Rg8 34. Rxb1 Rxg3+ 35. hxg3 Qxf6 36.
Ree1 Kh7 37. Rf1 Qg6 38. Rf3 f5 39. Rb7+ Kh8 40. Rb5 Qg4 41. Kf2 Qh3 42. Rbxf5 Qh2+ 43. Ke1 Qg1+ 44. Kd2 Qg2+ 45. Kc1 Qg1+ 46. Kc2 Qa1 47. Rf8+ Kg7 48. R8f7+ Kg6 49. R7f6+ Kg5 50. R6f5+ Kg6 51. c5 Qa2+ 52. Kd1 Qxa3 53. Rf6+ Kg5 54. c6 Qa1+ 55. Ke2 Qb2+ 56. Kf1 Qc1+ 57. Kg2 Qc2+ 58. Kh3 Qc5 59. c7 Qxc7 60. R3f5# 1-0

[Event "Early-Titled-Tuesday-Blitz-September-12-2023"]
[Site "Chess.com"]
[Date "2023.09.12"]
[Round "10"]
[White "Fh2411"]
[Black "enestnrvrd"]
[Result "1-0"]
[WhiteElo "2607"]
[BlackElo "2719"]
[TimeControl "180+1"]
[EndTime "9:56:54 PDT"]
[Termination "Fh2411 won on time"]

1. d4 Nf6 2. Nf3 g6 3. Bf4 Bg7 4. e3 O-O 5. Be2 d6 6. O-O Nbd7 7. h3 Qe8 8. c4 e5 9. Bh2 Ne4 10. Qc2 f5 11. Rd1 Qe7 12. Nbd2 Nxd2 13. Qxd2 e4 14. Ne1 Nf6 15. Nc2 g5 16. d5 Bd7 17. Nd4 Rae8 18. b4 f4 19. exf4 e3 20. Qxe3 Qxe3 21. fxe3 Rxe3 22. fxg5 Ne4 23. Bf1 Nc3 24. Rd2 Ne4 25.
Rdd1 a5 26. b5 a4 27. Rac1 a3 28. Rc2 Nc3 29. Rdd2 Bf5 30. Nxf5 Rxf5 31. Rf2 Rxf2 32. Rxf2 Bd4 33. Kh1 Re1 34. Rf4 Be3 35. Rf3 Nxa2 36.
Bg3 Rxf1+ 37. Rxf1 Nc1 38. Be1 Nb3 39. Bc3 a2 40. h4 Bc1 41. Kh2 h6 42. g6 Be3 43.
Kh3 h5 44. g4 Nd2 45. Re1 Ne4 46. Rxe3 Nxc3 47. Re8+ Kg7 48. Ra8 Kxg6 49. gxh5+ Kxh5 50. Ra3 Kg6 51. Kg4 Kf6 52. h5 b6 53. Kh4 Kf5 54. Ra7 1-0

[Event "Early-Titled-Tuesday-Blitz-September-12-2023"]
[Site "Chess.com"]
[Date "2023.09.12"]
[Round "10"]
[White "AliKa2810"]
[Black "Gauravthegm"]
[Result "1-0"]
[WhiteElo "2580"]
[BlackElo "2430"]
[TimeControl "180+1"]
[EndTime "9:56:58 PDT"]
[Termination "AliKa2810 won by checkmate"]

1. d4 Nf6 2. c4 e6 3. Nc3 b6 4. e4 d6 5. Bd3 e5 6. Nf3 Nbd7 7.
O-O Be7 8. d5 O-O 9. h3 Nc5 10.
Bc2 a5 11. Be3 Kh8 12. a3 Ng8 13. b4 axb4 14. axb4 Rxa1 15. Qxa1 Na6 16. Qb1 g6 17. Nd2 f5 18. exf5 gxf5 19. f4 e4 20. Nb5 Bf6 21.
Nd4 Qe8 22. Rd1 Qg6 23. Nf1 Ne7 24. Ba4 Rg8 25. Rd2 Qg7 26. Bb5 Nb8 27. Qa2 Ng6 28.
Kh2 Nxf4 29. Bxf4 Bxd4 30. Rxd4 Qxd4 31. Bc1 Qe5+ 32. Kh1 Rg7 33. Bb2 Qe7 34. Qa8 h5 35. Qxb8 Kh7 36. Bxg7 e3 37. Nxe3 Qxe3 38. Qxc8 Qc1+ 39. Kh2 Qf4+ 40. Kg1 Qe3+ 41. Kf1 Qc1+ 42. Ke2 Qc2+ 43. Kf3 Qd3+ 44. Kf4 Qe4+ 45. Kg5 Qe3+ 46. Kxh5 Qe2+ 47. g4 fxg4 48. Qf5+ Kxg7 49. Qxg4+ Qxg4+ 50. hxg4 Kf7 51. g5 Ke7 52. g6 Kd8 53. Kh6 Ke7 54.
g7 c6 55. Bxc6 Kf6 56. g8=Q Ke5 57. Qe6+ Kd4 58. Qxd6 Kxc4 59. b5 Kb3 60. Qe5 Ka4 61.
d6 Ka5 62. d7 Ka4 63. d8=Q Kb4 64. Qdd4+ Ka5 65. Qa1+ Kb4 66. Qec3# 1-0

[Event "Early-Titled-Tuesday-Blitz-September-12-2023"]
[Site "Chess.com"]
[Date "2023.09.12"]
[Round "10"]
[White "FARIZA2018"]
[Black "Inepton_Fermion"]
[Result "0-1"]
[WhiteElo "2498"]
[BlackElo "2366"]
[TimeControl "180+1"]
[EndTime "9:56:58 PDT"]
[Termination "Inepton_Fermion won by checkmate"]

1. Nf3 g6 2. g3 Bg7 3. Bg2 d6 4. O-O e5 5. Nc3 f5 6. e4 Nf6 7. d3 O-O 8. Bg5 c6 9. Qd2 Be6 10. Rad1 Nbd7 11. Rfe1 Qc7 12. Bh6 Rae8 13. Bxg7 Kxg7 14.
Ng5 Bg8 15. exf5 gxf5 16. f4 h6 17. Nf3 e4 18. dxe4 fxe4 19. Nd4 d5 20. Nf5+ Kh7 21. Kh1 Be6 22. Nxh6 Kxh6 23. f5+ Kh7 24. fxe6 Rxe6 25. Nxe4 dxe4 26. Bxe4+ Rxe4 27. Rxe4 Nxe4 28. Qxd7+ Qxd7 29. Rxd7+ Kg6 30. Rxb7 Rf2 31. c3 Ng5 32. Kg1 Rd2 33.
Rc7 Nf3+ 34. Kf1 Nxh2+ 35. Ke1 Nf3+ 36. Kf1 Kf5 37. Rxc6 Ke4 38. Re6+ Kf5 39. Ra6 Rxb2 40. Rxa7 Ke4 41. Re7+ Kd3 42. g4 Nh2+ 43. Kg1 Nxg4 44. a4 Ra2 45. Ra7 Kxc3 46. a5 Ne5 47. a6 Nc6 48. Ra8 Kc4 49. Kf1 Kb5 50. Ke1 Kb6 51.
Kd1 Na7 52. Kc1 Kxa6 53. Kb1 Rh2 54. Rb8 Nb5 55. Re8 Ka5 56. Kc1 Kb4 57. Rc8 Na3 58. Rd8 Kc3 59. Rd1 Rc2# 0-1

[Event "Early-Titled-Tuesday-Blitz-September-12-2023"]
[Site "Chess.com"]
[Date "2023.09.12"]
[Round "10"]
[White "djano"]
[Black "RobertoJBM"]
[Result "1-0"]
[WhiteElo "2661"]
[BlackElo "2794"]
[TimeControl "180+1"]
[EndTime "9:56:59 PDT"]
[Termination "djano won by resignation"]

1. e4 c6 2. d4 d5 3. exd5 cxd5 4. Bd3 Nc6 5. c3 g6 6. Nf3 Bf5 7. O-O Bxd3 8. Qxd3 Bg7 9. Re1 Nf6 10. Bf4 O-O 11.
Nbd2 Rc8 12. h3 Ne8 13. Qb5 Qd7 14. a4 b6 15. Ne5 Nxe5 16. Bxe5 Qb7 17. Nf3 Bxe5 18.
Rxe5 e6 19. Qb4 Nf6 20. a5 Rc6 21. Re2 Rb8 22. Ne5 Rc7 23. a6 Qc8 24. Re3 Kg7 25. Qb5 Qe8 26. Qe2 Ne4 27. Rf3 Rbc8 28. Qe3 f6 29. Ng4 Rf7 30. Qh6+ Kg8 31. h4 Qf8 32. Qe3 Kh8 33. Nh6 Re7 34. Ng4 Rf7 35. Nh6 Re7 36. Ng4 h5 37. Ne5 Qg7 38. Nd3 g5 39. hxg5 fxg5 40. Ne5 Kg8 41. Rh3 h4 42.
g3 Rf8 43. Rf1 Rf5 44. gxh4 g4 45. Rh2 Kh7 46. Rg2 Rxe5 47. dxe5 Rf7 48. f3 Nc5 49.
Rxg4 Qf8 50. Qg5 Rg7 51. Qxg7+ Qxg7 52. Rxg7+ Kxg7 53. Kf2 Nd3+ 54. Ke2 Nxe5 55. Rg1+ Kh7 56. h5 Nc6 57. b4 b5 58. Ke3 e5 59. Rg6 d4+ 60. Kd2 dxc3+ 61. Kxc3 Nd4 62. Rd6 Nxf3 63. Rd7+ Kh6 64. Rxa7 e4 65. Re7 Kxh5 66. a7 1-0

[Event "Early-Titled-Tuesday-Blitz-September-12-2023"]
[Site "Chess.com"]
[Date "2023.09.12"]
[Round "10"]
[White "mjray79"]
[Black "KNVB"]
[Result "0-1"]
[WhiteElo "2538"]
[BlackElo "2750"]
[TimeControl "180+1"]
[EndTime "9:56:59 PDT"]
[Termination "KNVB won by resignation"]

1. Nf3 b6 2. g3 Bb7 3. Bg2 c5 4. O-O e6 5. c4 Nf6 6. Nc3 a6 7.
d4 cxd4 8. Nxd4 Bxg2 9. Kxg2 Qc7 10. Qd3 Qb7+ 11. e4 d6 12. Be3 Nbd7 13. f3 Rc8 14. b3 Be7 15. Rac1 O-O 16. Rfd1 Rfe8 17. Qe2 h5 18. Bg5 Rc5 19. h4 Rec8 20. Rc2 b5 21.
Rb1 bxc4 22. b4 R5c7 23. b5 Ne5 24. Bf4 Nd3 25. Be3 d5 26. e5 Nd7 27. Nc6 Rxc6 28. bxc6 Qxc6 29. Bd4 Bc5 30. Qe3 Bxd4 31. Qxd4 N7xe5 32. Rb6 Qc7 33. Rxa6 Nc6 34. Qb6 Ncb4 35. Qxc7 Rxc7 36. Ra8+ Kh7 37. Nb5 Rb7 38. Nd6 Rd7 39.
Rxc4 dxc4 40. Nxc4 Rc7 41. Ne3 g6 42. a3 Nd5 43. Nxd5 exd5 44. Rd8 Rc5 45. a4 Ra5 46. Kf1 Nb2 47. Ke2 Nxa4 48. Ke3 Kg7 49. Kd4 Nb6 50. g4 hxg4 51. fxg4 Ra4+ 52. Kc5 Rxg4 53. Kxb6 Rxh4 54. Rxd5 Re4 55. Kc5 f5 56. Rd6 Kf7 57. Kd5 Re1 58.
Ra6 g5 59. Rh6 g4 60. Kd4 Kg7 61. Rc6 g3 62. Rc5 Kg6 63. Kd3 f4 64. Kd2 Re8 65.
Rc7 Kf5 66. Rg7 Re6 67. Kd3 Rg6 68. Rf7+ Kg4 69. Ke2 Re6+ 70. Kf1 Ra6 71. Rb7 Ra1+ 72. Ke2 f3+ 73. Ke3 Re1+ 74. Kd2 f2 0-1

[Event "Early-Titled-Tuesday-Blitz-September-12-2023"]
[Site "Chess.com"]
[Date "2023.09.12"]
[Round "10"]
[White "GaiozNigalidze"]
[Black "Orest_Vovk"]
[Result "0-1"]
[WhiteElo "2707"]
[BlackElo "2579"]
[TimeControl "180+1"]
[EndTime "9:57:00 PDT"]
[Termination "Orest_Vovk won on time"]

1. d4 h6 2. e4 g5 3. h4 g4 4. Ne2 d5 5. exd5 Qxd5 6. Nbc3 Qa5 7. Bf4 Bg7 8. a3 Nc6 9. b4 Qf5 10. Bxc7 Qd7 11. Bf4 Nxd4 12. Nxd4 Qxd4 13. Bb5+ Kf8 14. Qxd4 Bxd4 15. Bd2 Bf5 16. Rc1 Rc8 17. Bd3 Rxc3 18.
Bxf5 Rxa3 19. O-O g3 20. c3 Bxf2+ 21. Kh1 Nf6 22. Bf4 Nd5 23. Bd2 Kg7 24. c4 Ne3 25. Bxe3 Rxe3 26. c5 e6 27. Bh3 a6 28.
c6 bxc6 29. Rxc6 Rb8 30. Rxa6 Rxb4 31. h5 Rh4 32. Ra2 Rxh5 33. Rd1 Rhe5 34. Raa1 Re1+ 35. Rxe1 Bxe1 36. Kg1 Bf2+ 37. Kf1 f5 38. Rb1 Kf6 39. Rd1 h5 40. Rb1 f4 41. Rd1 Kg5 42. Rb1 Kh4 43. Rd1 Re4 44. Rc1 Re5 45. Rd1 f3 46. Rc1 fxg2+ 47.
Kxg2 Kg5 48. Rc2 Kf6 49. Rc8 Re2 50. Rf8+ Ke7 51. Ra8 Be1+ 52. Kf3 Rf2+ 53. Ke4 Rh2 54. Ra7+ Kf6 55. Bf1 g2 56. Bxg2 Rxg2 57. Kf3 Rf2+ 58.
Ke3 Rf5 59. Ke2 Bf2 60. Kd3 Bxa7 61. Kc4 Bb8 0-1